AoeStats
← Acero08

African Clearing

505151950Analyzed
2v2 RM · 25d ago on Sep 8, 2026· 52m 5s· 4 players
Game mode
Random Map
Map size
Medium (4 player)
Population
200
Speed
Normal
Resources
Standard
Victory
Conquest
Starting age
Dark Age
Ending age
Imperial Age
RankedLock teamsTeams togetherTeam positionsShared explorationLock speedFull tech treeHidden civsTurbo modeCheats
Victory
Defeat
🇦🇷 Vietnamese · Argentina
1326
+24
🇦🇷 Mongols · Argentina
1274
+19
🇦🇷 Khmer · Argentina
1351
-18
🇦🇷 Mongols · Argentina
1340
-18
Tigre Mj
6:42 Loom
13:27 Feudal Age
15:12 Double-Bit Axe
18:13 Castle Age
18:47 Fletching
19:09 Gold Mining
24:27 Wheelbarrow
25:09 Ballistics
25:35 Bodkin Arrow
26:18 Padded Archer Armor
28:19 Husbandry
29:21 Leather Archer Armor
30:19 Bloodlines
37:01 Imperial Age
34:35 Town Watch
36:05 Thumb Ring
37:44 Bracer
38:46 Chemistry
38:16 Parthian Tactics
37:39 Horse Collar
39:13 Hand Cart
40:20 Heavy Cavalry Archer
43:55 Forging
43:50 Scale Barding Armor
43:26 Light Cavalry
44:33 Hussar
45:55 Chain Barding Armor
46:11 Iron Casting
49:40 Blast Furnace
51:50 Siege Engineers
El Gargola
4:39 Loom
11:45 Feudal Age
13:34 Double-Bit Axe
13:39 Horse Collar
18:01 Forging
20:44 Gold Mining
22:06 Wheelbarrow
22:35 Stone Mining
24:15 Bloodlines
27:45 Castle Age
27:00 Scale Barding Armor
28:27 Husbandry
31:20 Chain Barding Armor
32:52 Iron Casting
33:20 Scale Mail Armor
34:06 Squires
33:52 Arson
35:32 Town Watch
36:05 Heavy Plow
36:22 Hand Cart
36:24 Bow Saw
43:36 Chain Mail Armor
48:23 Imperial Age
48:36 Elite Fire Lancer
El Gran Khan
8:43 Loom
11:43 Feudal Age
13:10 Double-Bit Axe
16:06 Bloodlines
23:52 Castle Age
22:07 Horse Collar
22:30 Fletching
23:10 Padded Archer Armor
24:51 Bow Saw
27:27 Bodkin Arrow
28:13 Town Watch
29:23 Husbandry
36:15 Ballistics
37:06 Leather Archer Armor
36:42 Elite Skirmisher
42:03 Wheelbarrow
50:53 Imperial Age
Acero08
7:44 Loom
12:00 Feudal Age
13:26 Double-Bit Axe
13:23 Horse Collar
20:37 Scale Barding Armor
22:45 Castle Age
21:36 Gold Mining
21:59 Bloodlines
22:00 Forging
22:44 Stone Mining
23:27 Husbandry
22:48 Light Cavalry
26:34 Chain Barding Armor
37:17 Iron Casting
42:03 Imperial Age
42:11 Cavalier
43:43 Plate Barding Armor
51:19 Masonry
51:05 Murder Holes
Connection lost

Rejoining the realm…

Still unreachable

The connection could not be restored.

Session expired

The server has moved on; the page needs a fresh start.